 Dungeon Crawl Stone Soup version 0.16.1 (webtiles) character file.

2167 valak23 the Ducker (level 9, -3/66 HPs)
             Began as a Grey Draconian Fighter on Mar 23, 2015.
             Was an Initiate of Okawaru.
             Slain by an air elemental (7 damage)
             ... created by the adversity of Qazlal
             ... on level 7 of the Dungeon.
             The game lasted 00:20:59 (6890 turns).

valak23 the Ducker (Grey Draconian Fighter)         Turns: 6890, Time: 00:21:00

Health: -3/66      AC: 17    Str: 21    XL:     9   Next: 10%
Magic:  9/9        EV: 13    Int: 10    God:    Okawaru [......]
Gold:   374        SH: 11    Dex: 10    Spells: 0 memorised, 8 levels left

rFire  . . .     SeeInvis .     r - +1 falchion (elec)
rCold  + . .     Clarity  .     (armour unavailable)
rNeg   + . .     SustAb   +     c - +1 shield
rPois  +         Gourm    .     B - +2 hat
rElec  .         Spirit   .     n - +0 cloak
rCorr  .         Warding  +     b - +0 pair of gloves
rMut   .         Stasis   .     F - +0 pair of boots
MR     .....                    k - amulet of warding
Stlth  ++........               u - ring of poison resistance
                                C - ring of sustain abilities

@: not resistant to hostile enchantments, unstealthy
A: walk through water, unfitting armour, cold resistance 1, frail 1,
unbreathing, cold-blooded, MP-powered wands 1, AC +12
a: Renounce Religion


You were on level 7 of the Dungeon.
You worshipped Okawaru.
Okawaru was noncommittal.
You were hungry.

You visited 2 branches of the dungeon, and saw 8 of its levels.

You collected 374 gold pieces.

Inventory:

Hand weapons
 r - a +1 falchion of electrocution (weapon)
Armour
 b - a +0 pair of gloves (worn)
 c - a +1 shield (worn)
 n - a +0 cloak (worn)
 B - a +2 hat (worn)
 F - a +0 pair of boots (worn)
Magical staves
 o - an uncursed staff of earth {unknown}
Jewellery
 k - an amulet of warding (around neck)
 u - a ring of poison resistance (right hand)
 C - a ring of sustain abilities (left hand)
Magical devices
 a - a wand of teleportation (7)
 h - a wand of random effects (20)
 p - a wand of enslavement (24)
 A - a wand of polymorph (10)
Scrolls
 f - a scroll of fear
 i - 5 scrolls of identify
 m - a scroll of blinking
 s - 3 scrolls of amnesia
 w - a scroll of magic mapping
 x - a scroll of fog
 y - 3 scrolls of remove curse
 E - a scroll of enchant armour
Potions
 e - a potion of cancellation
 j - 3 potions of restore abilities
 t - 3 potions of brilliance
Comestibles
 g - a bread ration
 l - 5 beef jerkies
 q - 4 meat rations
 z - 2 slices of pizza


   Skills:
 + Level 5.2 Fighting
 * Level 5.7 Long Blades
 + Level 7.5 Dodging
 + Level 1.8 Stealth
 + Level 6.9 Shields


You had 8 spell levels left.
You didn't know any spells.

Dungeon Overview and Level Annotations

Branches:
Dungeon (7/15)             Temple (1/1) D:7

Altars:
Ashenzari
Cheibriados
Dithmenos
Elyvilon
Fedhas
Gozag
Kikubaaqudgha
Makhleb
Nemelex Xobeh
Okawaru
Qazlal
Ru
Sif Muna
Trog
Vehumet
Xom
Yredelemnul
Zin
The Shining One


Innate Abilities, Weirdness & Mutations

You can walk through water.
Your dull iron-grey scales are very hard (AC +12).
Your body does not fit into most forms of armour.
You can survive without breathing.
Your cold-blooded metabolism reacts poorly to cold.
Your flesh is cold resistant.
You are frail (-10% HP).
You expend magic power (3 MP) to slightly strengthen your wands.


Message History

The air elemental is almost destroyed.
The air elemental misses you. You block the air elemental's attack.
You miss the air elemental.
The air elemental is almost destroyed.
The air elemental hits you.
* * * LOW HITPOINT WARNING * * *
You block the air elemental's attack. The air elemental closely misses you.
You are feeling hungry.
You hit the air elemental but do no damage.
The air elemental is almost destroyed.
The air elemental hits you but does no damage.
The air elemental merges itself into the air.
The air elemental forms itself from the air!
You block the air elemental's attack. The air elemental misses you.
You closely miss the air elemental.
The air elemental is almost destroyed.
The air elemental merges itself into the air.
The air elemental forms itself from the air!
The air elemental hits you!
You die...

.#
.................≈≈≈≈≈.....
.##
..........................
..#
..............###.......##
..## .............##
#..###....
...##...............# #..#
##.. ...#................#
#..# #.
.................[..## #..#
#.
....###..............####.##
## ..###
........@.....##...######
.##
#.......E................ .#
##....................... ##
#................>...... #
##....................... #
#...........#####....)... ##
#.........### ##........ .##
#...##.....## #.....####
..## ##..#####....####...###


You could see an air elemental.

Vanquished Creatures
  An air elemental (D:7)
  Eustachio (D:5)
  A hungry ghost (D:7)
  A sky beast (D:7)
  2 ogres
  An ice beast (D:6)
  A black bear (D:6)
  An orc warrior (D:6)
  A crocodile (D:7)
  Sigmund (D:5)
  3 giant frogs (D:6)
  3 scorpions
  5 crimson imps
  3 hounds
  2 orc priests (D:3)
  Crazy Yiuf (D:2)
  A quasit (D:5)
  An iron imp (D:5)
  An orc wizard (D:4)
  4 worker ants
  Ijyb (D:7)
  A hound skeleton (D:3)
  7 gnolls
  12 adders
  2 river rats (D:5)
  A shadow imp (D:5)
  6 worms
  4 oozes
  28 orcs
  14 bats
  A bat skeleton (D:4)
  13 goblins
  30 hobgoblins
  5 jackals
  15 kobolds
  A quokka (D:2)
  3 ball pythons
  9 giant cockroaches
  6 giant geckos
  7 giant newts
  A giant spore (D:6)
  6 rats
208 creatures vanquished.

Notes
Turn   | Place    | Note
--------------------------------------------------------------
     0 | D:1      | valak23, the Draconian Fighter, began the quest for the Orb.
     0 | D:1      | Reached XP level 1. HP: 19/19 MP: 1/1
   226 | D:1      | Reached XP level 2. HP: 19/26 MP: 2/2
   751 | D:2      | Reached XP level 3. HP: 21/31 MP: 3/3
  1040 | D:2      | Noticed Crazy Yiuf
  1049 | D:2      | Killed Crazy Yiuf
  1049 | D:2      | Reached skill level 1 in Stealth
  1049 | D:2      | Reached XP level 4. HP: 7/40 MP: 4/4
  1536 | D:2      | Reached skill level 4 in Fighting
  2177 | D:3      | Reached XP level 5. HP: 42/46 MP: 5/5
  2696 | D:3      | Found a stormy altar of Qazlal.
  2714 | D:3      | Became a worshipper of Qazlal Stormbringer
  2771 | D:3      | Reached XP level 6. HP: 28/52 MP: 6/6
  3279 | D:4      | Reached skill level 5 in Dodging
  3365 | D:4      | Your scales start taking on a dull iron-grey colour.
  3365 | D:4      | Gained mutation: You can survive without breathing. [draconian maturity]
  3365 | D:4      | Reached XP level 7. HP: 52/60 MP: 7/7
  3386 | D:4      | Acquired Qazlal's first power
  4385 | D:5      | Entered Level 5 of the Dungeon
  4386 | D:5      | Found a glowing golden altar of the Shining One.
  4398 | D:5      | Found a snail-covered altar of Cheibriados.
  4399 | D:5      | Found a glowing silver altar of Zin.
  4404 | D:5      | Found a basalt altar of Yredelemnul.
  4405 | D:5      | Found a white marble altar of Elyvilon.
  4406 | D:5      | Found a deep blue altar of Sif Muna.
  4427 | D:5      | Reached skill level 5 in Shields
  4578 | D:5      | Found a blossoming altar of Fedhas.
  4630 | D:5      | Acquired Qazlal's second power
  4661 | D:5      | Gained mutation: You are frail (-10% HP). [potion of mutation]
  4661 | D:5      | Gained mutation: You are very frail (-20% HP). [potion of mutation]
  4889 | D:5      | Noticed Sigmund
  4923 | D:5      | Killed Sigmund
  5231 | D:5      | Noticed Eustachio
  5279 | D:5      | Killed Eustachio
  5279 | D:5      | Reached XP level 8. HP: 53/53 MP: 8/8
  5431 | D:6      | Reached skill level 6 in Dodging
  5880 | D:6      | Lost mutation: You are very frail (-20% HP). [potion of cure mutation]
  5880 | D:6      | Lost mutation: You are frail (-10% HP). [potion of cure mutation]
  5898 | D:6      | Reached skill level 5 in Long Blades
  5954 | D:6      | Reached skill level 5 in Fighting
  5954 | D:6      | Reached skill level 7 in Dodging
  6149 | D:7      | Acquired Qazlal's third power
  6153 | D:7      | Gained mutation: Your flesh is cold resistant. [mutagenic meat]
  6154 | D:7      | Gained mutation: You expend magic power (3 MP) to slightly strengthen your wands. [mutagenic meat]
  6155 | D:7      | Gained mutation: You are frail (-10% HP). [mutagenic meat]
  6217 | D:7      | Found a staircase to the Ecumenical Temple.
  6230 | D:7      | Noticed Ijyb
  6246 | D:7      | Killed Ijyb
  6273 | Temple   | Entered the Ecumenical Temple
  6347 | Temple   | Fell from the grace of Qazlal
  6347 | Temple   | Became a worshipper of Warmaster Okawaru
  6437 | D:7      | Reached XP level 9. HP: 66/66 MP: 9/9
  6530 | D:7      | Noticed an air elemental
  6530 | D:7      | Noticed an air elemental
  6689 | D:7      | Killed an air elemental
  6877 | D:7      | HP: 3/66 [air elemental[the adversity of Qazlal] (8)]
  6888 | D:7      | HP: 3/66 [air elemental[the adversity of Qazlal] (1)]
  6890 | D:7      | Slain by an air elemental

Action                   |  1- 3 |  4- 6 |  7- 9 || total
-------------------------+-------+-------+-------++-------
Melee: Long sword        |   124 |   257 |   198 ||   579
       Falchion          |       |       |   316 ||   316
  Use: Scroll            |     3 |     5 |    15 ||    23
       Potion            |       |     2 |    13 ||    15
 Stab: Sleeping          |     1 |     1 |       ||     2
       Invisible         |     1 |       |       ||     1
  Eat: Bread ration      |       |     2 |     2 ||     4
       Meat ration       |       |     1 |       ||     1
       Beef jerky        |       |     1 |       ||     1
       Chunk             |       |       |     3 ||     3
